Map: Lerilak Crest

Players

InfestedExGT

  • Race: Protoss Protoss

LilDicky - Winner!

  • Race: Terran Terran
  • League: Diamond

VOD

http://www.twitch.tv/tumescentpie

Description

Time

  • Played on: Nov. 24, 2015, 12:58 p.m.
  • Length: 5:58
Show
View Real Time Build Order
Export as new Build Order

InfestedExGT Protoss 

Build Orders: Nexus First 

Get SALT Encoding   

  12  0:02  Probe (Chrono Boost)  
  13  0:14  Pylon  
  13  0:17  Probe (Chrono Boost)  
  14  0:28  Probe (Chrono Boost)  
  15  0:38  Probe (Chrono Boost)  
  16  0:49  Probe (Chrono Boost)  
  17  0:59  Nexus  
  17  1:05  Probe (Chrono Boost)  
  18  1:13  Gateway  
  18  1:18  Probe (Chrono Boost)  
  19  1:22  Assimilator  
  19  1:30  Probe (Chrono Boost), Assimilator  
  20  1:41  Probe (Chrono Boost)  
  21  1:54  Probe (Chrono Boost)  
  22  2:03  Cybernetics Core, Pylon  
  22  2:05  Probe (Chrono Boost)  
  23  2:11  Probe (Chrono Boost)  
  24  2:19  Probe (Chrono Boost)  
  25  2:23  Probe (Chrono Boost)  
  26  2:30  Pylon  
  26  2:33  Probe (Chrono Boost)  
  28  2:51  Mothership Core (Chrono Boost)  
  29  2:52  Stalker  
  29  2:54  Warp Gate  
  29  2:55  Probe (Chrono Boost)  
  32  2:59  Pylon  
  32  3:06  Probe (Chrono Boost)  
  24  3:35  Stalker  
  24  3:39  Robotics Facility  
  24  3:40  Assimilator  
  26  3:44  Assimilator  
  26  4:20  Probe (Chrono Boost)  
  26  4:22  Stalker  
  29  4:30  Probe (Chrono Boost)  
  30  4:39  Observer (Chrono Boost)  
  30  4:42  Probe  
  32  4:52  Gateway  
  32  4:53  Probe  
  32  4:57  Gateway, Robotics Facility  
  31  5:31  Stalker  
  28  5:51  Stalker  
Show
View Real Time Build Order
Export as new Build Order

LilDicky Terran - Winner!

Build Orders: MMM Bio 

Get SALT Encoding   

  12  0:02  SCV  
  13  0:14  SCV  
  13  0:17  Supply Depot  
  14  0:26  SCV  
  15  0:30  Refinery  
  15  0:39  SCV  
  16  0:46  Barracks  
  16  0:51  SCV  
  17  1:03  SCV  
  18  1:15  SCV  
  19  1:33  Marine  
  19  1:34  Supply Depot  
  19  1:35  Orbital Command  
  20  1:40  Factory  
  20  1:51  Marine  
  21  2:01  SCV  
  22  2:03  Barracks  
  22  2:08  Barracks  
  22  2:15  Barracks Reactor  
  22  2:18  SCV  
  23  2:26  Refinery  
  23  2:28  Supply Depot  
  23  2:30  SCV  
  24  2:42  SCV  
  25  2:46  Widow Mine  
  27  2:56  Barracks Tech Lab x2  
  27  2:57  SCV  
  28  3:00  Marine x2  
  28  3:01  Supply Depot  
  30  3:17  Widow Mine  
  30  3:18  Marine x3  
  34  3:22  Combat Shields, Stimpack  
  34  3:26  SCV  
  35  3:32  Marine  
  36  3:38  SCV  
  37  3:48  Widow Mine  
  37  3:49  Marine x2  
  37  3:50  SCV, Marine x2  
  44  3:56  Supply Depot  
  44  4:02  SCV  
  41  4:12  Marauder, Marine x2  
  41  4:13  Marauder  
  47  4:21  Starport  
  47  4:34  Marauder x2  
  51  4:47  Marine x2  
  53  4:54  Concussive Shells  
  53  4:55  Marauder  
  58  5:00  SCV, Marauder  
  58  5:01  Medivac  
  60  5:12  SCV  
  59  5:17  Marine  
  59  5:18  Marauder  
  62  5:24  SCV, Supply Depot  
Tags
 
Add a new tag
Caveats
  • Supply blocks, unpowered buildings, or Contaminate may cause inaccurate times.
  • Supply counts are checked every 10 seconds.